 Dungeon Crawl Stone Soup version 0.30-a0-920-g7493c07aab (webtiles) character file.

Game seed: 6628877345754045446

15556 funkygono the Severer (level 12, -3/106 HPs)
             Began as a Minotaur Fighter on Mar 20, 2023.
             Was a High Priest of Okawaru.
             Slain by a 12-headed hydra (10 damage)
             ... on level 2 of the Lair of Beasts on Mar 21, 2023.
             The game lasted 00:22:03 (11074 turns).

funkygono the Severer (Minotaur Fighter)           Turns: 11074, Time: 00:22:03

Health: -3/106     AC: 26    Str: 30    XL:     12   Next: 2%
Magic:  11/11      EV:  7    Int:  5    God:    Okawaru [*****.]
Gold:   1051       SH:  6    Dex: 12    Spells: 11/11 levels left

rFire   . . .      SeeInvis +    a - +0 war axe
rCold   . . .      Faith    .    c - +0 buckler
rNeg    . . .      Spirit   .    G - +0 crystal plate armour
rPois   .          Reflect  .    N - +2 hat
rElec   .          Rampage  .    K - +2 cloak
rCorr   .                        (no gloves)
Will    .....                    (no boots) Stlth
                                 L - amulet of magic regeneration
HPRegen 0.37/turn                w - +6 ring of strength
MPRegen 0.52/turn                o - ring of see invisible

@: no status effects
A: horns 2, retaliatory headbutt
a: Renounce Religion, Heroism, Finesse, Duel


You were on level 2 of the Lair of Beasts.
You worshipped Okawaru.
Okawaru was extremely pleased with you.
You visited 3 branches of the dungeon, and saw 14 of its levels.

You collected 1876 gold pieces.
You spent 825 gold pieces at shops.

Inventory:

Hand Weapons
 a - a +0 war axe (weapon)
 D - the +7 broad axe "Jaoguh" {freeze, rN++ rCorr MP-9 Str+2}
   (You acquired it on level 7 of the Dungeon)

   Str:       It affects your strength (+2).
   rN:        It greatly protects you from negative energy.
   MP:        It affects your magic capacity (-9).
   rCorr:     It protects you from acid and corrosion.
Missiles
 n - 14 boomerangs (quivered)
 p - 2 javelins
 s - 2 silver javelins
 M - a throwing net
Armour
 c - a +0 buckler (worn)
 i - the +4 storm dragon scales of Sloth {rElec Will- Str+8 Stlth+}
   (Okawaru gifted it to you on level 1 of the Lair of Beasts)

   Str:       It affects your strength (+8).
   rElec:     It insulates you from electricity.
   Will:      It decreases your willpower.
   Stlth:     It makes you more stealthy.
 x - a scarf of resistance
 G - a +0 crystal plate armour (worn)
 K - a +2 cloak (worn)
 N - a +2 hat (worn)
Jewellery
 f - the ring "Nubisye" {rF+ rCorr Dex+2}
   (You took it off an orc wizard on level 10 of the Dungeon)

   [ring of resist corrosion]

   Dex:       It affects your dexterity (+2).
   rF:        It protects you from fire.
   rCorr:     It protects you from acid and corrosion.
 j - a ring of fire
 o - a ring of see invisible (right hand)
 w - a +6 ring of strength (left hand)
 y - a +6 ring of strength
 H - a ring of willpower
 L - an amulet of magic regeneration (around neck)
Wands
 t - a wand of flame (24)
 u - a wand of mindburst (6)
 C - a wand of roots (6)
 J - a wand of paralysis (4)
Scrolls
 k - 3 scrolls of magic mapping
 l - 4 scrolls of amnesia
 q - 2 scrolls of fog
 O - a scroll of fear
Potions
 d - 3 potions of might
 e - 2 potions of invisibility
 g - 2 potions of curing
 h - a potion of resistance
 m - a potion of heal wounds
 r - a potion of lignification {unknown}
 v - 2 potions of magic {unknown}
 z - 4 potions of flight
 B - 2 potions of berserk rage
 E - 3 potions of haste
 F - a potion of brilliance {unknown}


   Skills:
 + Level 10.0 Fighting
 + Level 16.0 Axes
 + Level 11.3 Armour
 + Level 4.9 Dodging
 + Level 1.5 Stealth
 + Level 8.4 Shields
 + Level 0.3 Invocations
 + Level 0.4 Evocations


You had 11 spell levels left.
You didn't know any spells.
Your spell library contained the following spells:

 Spells                   Type           Power      Damage    Failure   Level
 Magic Dart               Conj           0%         1d3       100%        1
 Ensorcelled Hibernation  Hex/Ice        0%         N/A       100%        2
 Searing Ray              Conj           0%         2d4       100%        2
 Ignite Poison            Fire/Tmut/Pois 0%         N/A       100%        3
 Kindle Blastsparks       Fire/Tloc/Air  0%         2d10      100%        3
 Spider Form              Tmut/Pois      0%         N/A       100%        3
 Vhi's Electric Charge    Tloc/Air       0%         N/A       100%        3
 Anguish                  Hex/Necr       0%         N/A       100%        4
 Fulminant Prism          Conj/Hex       0%         3d5       100%        4
 Iskenderun's Mystic Bla  Conj/Tloc      0%         2d3       100%        4
 Passage of Golubria      Tloc           0%         N/A       100%        4
 Arcjolt                  Conj/Air       0%         1d10      100%        5
 Freezing Cloud           Conj/Ice/Air   0%         6-21      100%        5
 Lee's Rapid Deconstruct  Erth           0%         3d4*      100%        5
 Yara's Violent Unravell  Hex/Tmut       0%         3d3       100%        5
 Maxwell's Capacitive Co  Air            0%         ∞         100%        8
 Summon Small Mammal      Summ           Unusable   N/A       N/A         1
 Call Canine Familiar     Summ           Unusable   N/A       N/A         3
 Tukima's Dance           Hex            Unusable   N/A       N/A         3
 Animate Armour           Summ/Erth      Unusable   N/A       N/A         4

Dungeon Overview and Level Annotations

Branches:
Dungeon (11/15)            Temple (1/1) D:5            Lair (2/5) D:11
  Swamp: Lair:2-3    Shoals: Lair:2-3     Snake: Lair:2-3    Spider: Lair:2-3
    Orc: D:9-12

Altars:
Ashenzari
Cheibriados
Dithmenos
Elyvilon
Fedhas
Gozag
Hepliaklqana
Kikubaaqudgha
Makhleb
Nemelex Xobeh
Okawaru
Qazlal
Ru
Sif Muna
Trog
Uskayaw
Vehumet
Wu Jian
Xom
Yredelemnul
Zin
The Shining One

Shops:
D:4 *   D:9 (


Innate Abilities, Weirdness & Mutations

You have a pair of horns on your head.
You reflexively headbutt those who attack you in melee.


Message History

The 11-headed hydra is moderately wounded.
The 11-headed hydra bites you but does no damage. x2
The 11-headed hydra bites you. You block the 11-headed hydra's attack.
The 11-headed hydra bites you.
The 11-headed hydra bites you but does no damage. x3
The 11-headed hydra bites you.
The 11-headed hydra bites you but does no damage. x2
You slice one of the 11-headed hydra's heads off!
The ten-headed hydra grows two more!
You slash the 12-headed hydra!
The 12-headed hydra is moderately wounded.
The 12-headed hydra bites you but does no damage. x2
The 12-headed hydra barely misses you.
The 12-headed hydra bites you but does no damage.
You block the 12-headed hydra's attack.
The 12-headed hydra closely misses you. x2
The 12-headed hydra bites you but does no damage.
The 12-headed hydra bites you. The 12-headed hydra barely misses you.
The 12-headed hydra bites you but does no damage.
The 12-headed hydra bites you!
* * * LOW HITPOINT WARNING * * *
You feel much better. The 12-headed hydra closely misses you.
The 12-headed hydra bites you. The 12-headed hydra bites you! x2
* * * LOW HITPOINT WARNING * * *
The 12-headed hydra bites you but does no damage.
The 12-headed hydra bites you.
* * * LOW HITPOINT WARNING * * *
You block the 12-headed hydra's attack. x2
The 12-headed hydra bites you but does no damage.
The 12-headed hydra closely misses you. x2
The 12-headed hydra bites you but does no damage.
You fail to use your ability.
The 12-headed hydra bites you.
* * * LOW HITPOINT WARNING * * *
The 12-headed hydra barely misses you. You block the 12-headed hydra's attack.
The 12-headed hydra bites you but does no damage. x3
The 12-headed hydra bites you.
* * * LOW HITPOINT WARNING * * *
The 12-headed hydra bites you but does no damage.
The 12-headed hydra bites you.
* * * LOW HITPOINT WARNING * * *
The 12-headed hydra bites you!
You die...

#≈.P#.##...##..# ..#
#≈..........#..##..##.
##≈..........##.#......
§≈≈...........#.......##
.............P#.P#..#..#
..##..........#..#..P.#
#.#...................#.
.................D.....#
.#.#............@...[.#
.###............#..####
## ##...#####....### .#
#..P# #.P..## ## #...#
#...## . ..## #...# ..
....# .## #...# .#


You could see a 12-headed hydra.

Vanquished Creatures
  Harold (D:10)
  2 centaur warriors
  A skyshark (D:11)
  Nergalle (D:10)
  4 ugly things
  A cyclops (D:10)
  Maurice (D:9)
  A gargoyle (D:9)
  2 cane toads
  3 unseen horrors
  A kobold demonologist (D:10)
  5 komodo dragons
  2 trolls
  2 shadows
  A wraith (D:10)
  4 yaks
  Sigmund (D:3)
  4 wyverns
  3 basilisks
  2 steam dragons
  An acid dragon (D:11)
  3 water moccasins
  A black bear (D:11)
  2 orc warriors
  A sky beast (D:6)
  An ice beast (D:4)
  An ogre (D:4)
  5 centaurs
  A phantom (D:2)
  2 kobold brigands
  5 bullfrogs
  2 gnoll sergeants
  3 scorpions
  16 killer bees
  2 electric eels (Lair:1)
  5 howler monkeys
  6 hounds
  7 orc priests
  A gnoll bouda (D:4)
  A jelly (D:6)
  2 iguanas (D:7)
  Ijyb (D:3)
  4 hell rats (Lair:1)
  A sleepcap (D:4)
  5 orc wizards
  Robin (D:4)
  24 gnolls
  11 adders
  3 shadow imps
  2 white imps
  3 ufetubi
  A worm (D:2)
  5 dart slugs
  33 orcs
  3 ball pythons (D:4)
  4 bats
  An endoplasm (D:1)
  4 giant cockroaches
  5 goblins
  18 hobgoblins
  10 jackals
  8 quokkas
  5 frilled lizards
  18 kobolds
  5 rats
285 creatures vanquished.

Vanquished Creatures (others)
  A fungus (Lair:2)
  21 plants
22 creatures vanquished.

Grand Total: 307 creatures vanquished

Notes
Turn   | Place    | Note
-------+----------+-------------------------------------------
     0 | D:1      | funkygono the Minotaur Fighter began the quest for the Orb.
     0 | D:1      | Reached XP level 1. HP: 19/19 MP: 0/0
   207 | D:1      | Reached XP level 2. HP: 27/27 MP: 1/1
   490 | D:1      | Reached XP level 3. HP: 24/33 MP: 2/2
   743 | D:1      | Reached skill level 3 in Axes
   931 | D:2      | HP: 1/33 [gnoll/+0 spear (8)]
  1064 | D:1      | Reached XP level 4. HP: 35/40 MP: 3/3
  1141 | D:2      | Found a faded altar of an unknown god.
  1213 | D:2      | Reached skill level 4 in Axes
  1393 | D:2      | Noticed a phantom
  1407 | D:2      | Killed a phantom
  1408 | D:2      | Reached XP level 5. HP: 36/47 MP: 4/4
  1603 | D:2      | Identified the +0 leather armour "Zyneini" {rC+ Regen+
                  | Str-4}
  2381 | D:3      | Noticed Ijyb
  2384 | D:3      | Reached skill level 5 in Axes
  2396 | D:3      | Killed Ijyb
  2397 | D:3      | Reached skill level 1 in Dodging
  2548 | D:3      | Noticed Sigmund
  2571 | D:3      | Killed Sigmund
  2572 | D:3      | Reached skill level 5 in Fighting
  2572 | D:3      | Reached skill level 5 in Armour
  2572 | D:3      | Reached XP level 6. HP: 14/56 MP: 5/5
  2911 | D:3      | Reached skill level 6 in Axes
  3192 | D:3      | Identified a scroll of acquirement
  3192 | D:3      | Acquired 886 gold pieces
  3646 | D:4      | Reached XP level 7. HP: 50/61 MP: 6/6
  3800 | D:4      | Noticed Robin
  3819 | D:4      | Killed Robin
  3858 | D:4      | Found Solam's Lightly-Used Armoury.
  4093 | D:5      | Entered Level 5 of the Dungeon
  4208 | D:4      | Reached skill level 7 in Axes
  4356 | D:5      | Found a staircase to the Ecumenical Temple.
  4374 | D:5      | Reached skill level 5 in Shields
  4374 | D:5      | Reached XP level 8. HP: 61/69 MP: 7/7
  4397 | Temple   | Entered the Ecumenical Temple
  4446 | Temple   | Became a worshipper of Warmaster Okawaru
  4648 | D:5      | Identified the +1 ring mail of Peek-a-Boo {rF- Int+4}
  4827 | D:6      | Reached skill level 8 in Axes
  4966 | D:6      | Found a glowing silver altar of Zin.
  5664 | D:7      | Reached skill level 1 in Stealth
  5740 | D:7      | Reached skill level 9 in Axes
  5767 | D:7      | Reached * piety under Okawaru
  5899 | D:7      | Identified the +2 leather armour "Uciat" {Stlth+}
  5974 | D:7      | Identified the +2 dagger of Raggiosu {drain, Will+++ Int-3
                  | Dex+4}
  6054 | D:7      | Acquired the +7 broad axe "Jaoguh" {freeze, rN++ rCorr MP-9
                  | Str+2}
  6187 | D:8      | Reached XP level 9. HP: 78/78 MP: 0/8
  6278 | D:8      | Reached skill level 10 in Axes
  6601 | D:8      | Reached ** piety under Okawaru
  6850 | D:4      | Bought a -1 crystal plate armour for 825 gold pieces
  7041 | D:9      | Noticed a troll
  7047 | D:9      | Killed a troll
  7082 | D:9      | Reached skill level 11 in Axes
  7092 | D:9      | Noticed a gargoyle
  7102 | D:9      | Killed a gargoyle
  7293 | D:9      | Noticed a komodo dragon
  7297 | D:9      | Reached *** piety under Okawaru
  7301 | D:9      | Killed a komodo dragon
  7464 | D:9      | Noticed Maurice
  7480 | D:9      | Killed Maurice
  7481 | D:9      | Reached XP level 10. HP: 50/86 MP: 0/9
  7690 | D:9      | Found Likhlaong's Weapon Boutique.
  7894 | D:10     | Entered Level 10 of the Dungeon
  7971 | D:10     | Reached **** piety under Okawaru
  7972 | D:10     | Reached skill level 12 in Axes
  8052 | D:10     | Identified the ring "Nubisye" {rF+ rCorr Dex+2}
  8053 | D:10     | Noticed a cyclops
  8053 | D:10     | Noticed a centaur warrior
  8060 | D:10     | Noticed a white ugly thing
  8063 | D:10     | Noticed a cyan ugly thing
  8066 | D:10     | Killed a centaur warrior
  8067 | D:10     | Reached skill level 13 in Axes
  8071 | D:10     | Killed a cyclops
  8075 | D:10     | Killed a cyan ugly thing
  8075 | D:10     | Reached ***** piety under Okawaru
  8087 | D:10     | Killed a white ugly thing
  8344 | D:10     | Received a gift from Okawaru
  8348 | D:10     | Reached skill level 14 in Axes
  8348 | D:10     | Reached XP level 11. HP: 95/95 MP: 1/10
  8381 | D:10     | Got the Vellum of United Concussion
  8499 | D:10     | Noticed Nergalle
  8535 | D:10     | Killed Nergalle
  8770 | D:10     | Noticed Harold
  8782 | D:10     | Killed Harold
  8893 | D:10     | Found a sacrificial altar of Ru.
  8904 | D:10     | Reached skill level 10 in Armour
  9211 | D:11     | Noticed a brown ugly thing
  9220 | D:11     | Killed a brown ugly thing
  9224 | D:11     | Noticed a purple ugly thing
  9233 | D:11     | Killed a purple ugly thing
  9247 | D:11     | Noticed a centaur warrior
  9256 | D:11     | Killed a centaur warrior
  9257 | D:11     | Reached skill level 15 in Axes
  9500 | D:11     | Found a staircase to the Lair.
  9526 | D:11     | a manticore changed into a skyshark
  9526 | D:11     | Noticed a skyshark
  9532 | D:11     | Killed a skyshark
 10032 | Lair:1   | Entered Level 1 of the Lair of Beasts
 10051 | Lair:1   | Reached skill level 10 in Fighting
 10346 | Lair:1   | Identified the +4 storm dragon scales of Sloth {rElec Will-
                  | Str+8 Stlth+} (Okawaru gifted it to you on level 1 of the
                  | Lair of Beasts)
 10346 | Lair:1   | Received a gift from Okawaru
 10407 | Lair:1   | Identified the +1 falchion of Viethaots {holy, Will+ Dex+3}
 10980 | Lair:1   | Upgraded the game from 0.30-a0-918-g0ff054e9dc to
                  | 0.30-a0-920-g7493c07aab
 11037 | Lair:2   | Reached XP level 12. HP: 106/106 MP: 11/11
 11053 | Lair:2   | Reached skill level 16 in Axes
 11055 | Lair:2   | Noticed a four-headed hydra
 11074 | Lair:2   | Slain by a 12-headed hydra

Illustrated notes

Levels and vault maps discovered:
D:1:      dreamdust_arrival_beginning_and_end, layout_loops_corners,
          corexii_leaking_fountain, minmay_tiny_reverse_x
D:2:      layout_basic, shapermc_ecumenical_altar_mp_highgroup
D:3:      layout_basic, lightli_corner_chamber, uniq_sigmund, uniq_ijyb
D:4:      layout_basic, minmay_shop_damaged, nicolae_goblin_pals
D:5:      layout_rooms, minmay_temple_entry_ruins
D:6:      layout_cave_pools, amcnicky_altar_gilded, serial_column_ruins,
          column_ruins_open_small, column_ruins_corridor_straight,
          column_ruins_columns_corner, column_ruins_columns_corner,
          column_ruins_grid_1, solitary_fountain, hex_medium,
          chequers_hall_statues_wall_a
D:7:      layout_rooms
D:8:      layout_rooms
D:9:      layout_cave_pools, serial_park, serial_park_square2,
          serial_park_tiny_pond, serial_park_tiny_pond, serial_park_square1
          [serial_park_minivault_5x5_8], serial_park_tiny_pond, serial_shops,
          nicolae_stop_n_shop_2, uniq_maurice
D:10:     layout_irregular_city, hangedman_ru_absence, moated_statue,
          kennysheep_crisscross, minmay_pinched_square, uniq_harold,
          uniq_nergalle
D:11:     layout_cave_pools, david_lair_generic
Temple:   nicolae_temple_slightly_damp_pantheon
Lair:1:   layout_gridlike, grunt_megastairs_5, infiniplex_staircase_pool,
          serial_bayou_shore_a
Lair:2:   layout_gridlike, minmay_snake_entry_six_corridors,
          pdpol_lair_neglected_garden

Skill      XL: |  1  2  3  4  5  6  7  8  9 10 11 12 |
---------------+-------------------------------------+-----
Fighting       | 4 5 6 7 8 10 | 10.0
Armour         | 4 5 7 8 9 11 | 11.3
Shields        | 4 5 6 7 8 |  8.4
Axes           | 3 4 5 6 7 9 11 14 15 16 | 16.0
Dodging        | 1 2 3 4 |  4.9
Stealth        | 1 |  1.5
Invocations    | |  0.3
Evocations     | |  0.4

Action                     |  1- 3 |  4- 6 |  7- 9 | 10-12 || total
---------------------------+-------+-------+-------+-------++-------
  Melee: War axe           |    59 |   150 |   142 |   104 ||   455
         Headbutt          |    11 |    20 |    36 |    50 ||   117
         Broad axe         |       |       |    78 |   179 ||   257
 Invoke: Heroism           |       |       |       |     3 ||     3
  Evoke: Wand              |       |       |       |     4 ||     4
    Use: Scroll            |       |     9 |    11 |     6 ||    26
         Potion            |       |       |       |     3 ||     3
 Armour: Scale mail        |    25 |    79 |   121 |       ||   225
         Crystal plate arm |       |       |    21 |   200 ||   221
  Dodge: Dodged            |    31 |    69 |   130 |    99 ||   329
  Block: Buckler           |    14 |    37 |    76 |    83 ||   210

Table legend: (Time is in decaauts)
 A = Elapsed time spent in this place.
 B = Non-inter-level travel time spent in this place.
 C = Inter-level travel time spent in this place.
 D = Time resting spent in this place.
 E = Time spent auto-exploring this place.
 F = Levels seen in this place.
 G = Mean time per level.
                   A        B        C        D        E       F      G
               +--------+--------+--------+--------+--------+-----+--------+
         Total |  11153 |  10767 |    386 |    608 |   8094 |  14 |  796.6 |
       Dungeon |   9924 |   9591 |    333 |    608 |   7114 |  11 |  902.2 |
        Temple |    198 |    179 |     19 |      0 |    154 |   1 |  198.0 |
          Lair |   1030 |    997 |     33 |      0 |    826 |   2 |  515.0 |
               +--------+--------+--------+--------+--------+-----+--------+

Top non-repeatable levels by time:
    D:10: 1427 daAuts
     D:2: 1289 daAuts
     D:1: 1034 daAuts
     D:3: 1029 daAuts
     D:9: 1015 daAuts
  Lair:1: 977 daAuts
     D:4: 965 daAuts
     D:6: 843 daAuts
     D:8: 662 daAuts
    D:11: 651 daAuts
     D:7: 577 daAuts
     D:5: 427 daAuts
  Temple: 198 daAuts
  Lair:2: 52 daAuts
